 Dungeon Crawl Stone Soup version 0.25.1-2-g60ff931df9 (webtiles) character file.

Game seed: 14573705159926358996

5901 DearestLeader the Grappler (level 10, 0/88 HPs)
             Began as a Troll Monk on Sept 20, 2020.
             Was an Elder of Cheibriados.
             Slain by a seven-headed hydra (8 damage)
             ... on level 11 of the Dungeon.
             The game lasted 00:21:17 (9143 turns).

DearestLeader the Grappler (Troll Monk)             Turns: 9143, Time: 00:21:19

Health: 0/88       AC:  7    Str: 30    XL:     10   Next: 53%
Magic:  8/13       EV: 14    Int: 18    God:    Cheibriados [****..]
Gold:   619        SH:  0    Dex: 27    Spells: 9/9 levels left

rFire    + . .     SeeInvis .     - Unarmed
rCold    . . .     Gourm    +   (no shield)
rNeg     . . .     Faith    .   y - +1 robe {rF+}
rPois    .         Spirit   .   (helmet restricted)
rElec    .         Reflect  .   (no cloak)
rCorr    .         Harm     .   (gloves unavailable)
MR       +....                  (boots unavailable)
Stlth    ++........             (no amulet)
HPRegen  0.64/turn              q - ring of protection from magic
MPRegen  0.13/turn              c - +6 ring of dexterity

@: very slow
A: large, unfitting armour, claws 3, fast metabolism 3, gourmand, regeneration
1, shaggy fur 1, tough skin 3
a: Bend Time, Temporal Distortion, Slouch, Renounce Religion


You were on level 11 of the Dungeon.
You worshipped Cheibriados.
Cheibriados was greatly pleased with you.
You were completely stuffed.

You visited 2 branches of the dungeon, and saw 12 of its levels.

You collected 619 gold pieces.

Inventory:

Hand Weapons
 H - the +1 short sword of the End of Times {speed, *Contam Str-3 Int+2 Dex+6, unknown}
   (You found it on level 11 of the Dungeon)

   Attacks with this weapon are significantly faster.
   It affects your strength (-3).
   It affects your intelligence (+2).
   It affects your dexterity (+6).
   It causes magical contamination when unequipped.
   Cheibriados disapproves of the use of such an item.
Missiles
 n - 54 poisoned darts (quivered)
 s - 4 large rocks
Armour
 y - a +1 robe of fire resistance (worn)
Jewellery
 c - a +6 ring of dexterity (right claw)
 q - a ring of protection from magic (left claw)
 C - a +6 ring of intelligence
Wands
 p - a wand of flame (6)
 x - a wand of polymorph (2)
Scrolls
 d - 2 scrolls of blinking
 g - 2 scrolls of fear
 i - 3 scrolls of amnesia {unknown}
 j - 2 scrolls of enchant weapon
 k - 2 scrolls of random uselessness {unknown}
 l - 4 scrolls of teleportation
 o - 3 scrolls of magic mapping {unknown}
 r - 5 scrolls of remove curse
 t - 2 scrolls of immolation {unknown}
 w - a scroll of fog {unknown}
 B - a scroll of identify
 F - a scroll of torment {unknown}
 G - a scroll of brand weapon {unknown}
Potions
 a - 2 potions of cancellation
 e - 2 potions of haste
 f - 2 potions of lignification
 h - 2 potions of brilliance
 m - 2 potions of heal wounds {unknown}
 u - a potion of degeneration {unknown}
 v - a potion of flight {unknown}
 A - a potion of magic {unknown}
 E - a potion of resistance {unknown}
Miscellaneous
 D - a tin of tremorstones (3/3)
Comestibles
 b - 19 rations
 z - 3 chunks of flesh


   Skills:
 - Level 2.4 Fighting
 - Level 5.0 Throwing
 + Level 4.9 Dodging
 - Level 1.0 Stealth
 * Level 12.1 Unarmed Combat
 * Level 6.5 Invocations


You had 9 spell levels left.
You didn't know any spells.
Your spell library contained the following spells:

 Spells                   Type           Power        Failure   Level  Hunger
 Summon Small Mammal      Summ           #...         22%         1    ##.....
 Call Imp                 Summ           #.......     32%         2    ###....
 Call Canine Familiar     Summ           #.......     54%         3    ####...
 Summon Guardian Golem    Hex/Summ       #.......     54%         3    ####...
 Summon Ice Beast         Ice/Summ       #.......     91%         4    #####..
 Summon Lightning Spire   Summ/Air       #.......     91%         4    #####..


Dungeon Overview and Level Annotations

Branches:
Dungeon (11/15)            Temple (1/1) D:7
   Lair: D:8-11         Orc: D:9-12

Altars:
Ashenzari
Cheibriados
Dithmenos
Elyvilon
Hepliaklqana
Kikubaaqudgha
Makhleb
Nemelex Xobeh
Okawaru
Qazlal
Ru
Sif Muna
Trog
Uskayaw
Vehumet
Wu Jian
Yredelemnul
The Shining One

Annotations:
D:3 3 runed translucent doors, xsansara's ghost, amateur DsBe
D:11 exclusion: ice statue


Innate Abilities, Weirdness & Mutations

You are too large for most types of armour.
You have claws for hands.
Your metabolism is lightning-fast.
You like to eat raw meat.
Your natural rate of healing is unusually fast.
You are covered in fur. (AC +1)
You have extremely tough skin. (AC +3)


Message History

The five-headed hydra grows two more!
You mangle the seven-headed hydra!!
The seven-headed hydra is heavily wounded.
The seven-headed hydra completely misses you.
The seven-headed hydra bites you. The seven-headed hydra bites you! x3
* * * LOW HITPOINT WARNING * * *
The seven-headed hydra barely misses you.
The seven-headed hydra misses you.
You can feel time thicken for a moment.
You kill the centaur!
Cheibriados thoroughly appreciates the change of pace.
Cheibriados raises the support of your attributes as your movement slows.
Your life force feels restored.
You feel somewhat less full.
Cheibriados lowers the support of your attributes as your movement quickens.
The seven-headed hydra bites you but does no damage.
The seven-headed hydra closely misses you.
The seven-headed hydra bites you!
* * * LOW HITPOINT WARNING * * *
The seven-headed hydra bites you!
You die...

... #.. #....##
.. #. #.##..#
#.##### #
#..###.##
.###.....### #.##
#..#
.......(...###
#.# ##.#
W.....##(....###
##.# #.# ...Z.
###.....### #..#
#.. ....
##)##...####)##
##. ...
#OD@........รท#
#. ..
#########....####
#. . #.##....###.
#.#####..... ..#
####.. #### #.#
#.# #.. ###


You could see a seven-headed hydra and an ogre.

Vanquished Creatures
  A two-headed ogre (D:9)
  Joseph (D:10)
  A hippogriff (D:7)
  3 yaks (D:9)
  Menkaure (D:7)
  2 ice beasts
  2 sky beasts (D:9)
  2 black bears (D:9)
  3 ogres
  A phantom (D:4)
  An orc warrior (D:9)
  A crocodile (D:9)
  5 centaurs
  2 big kobolds
  A bullfrog (D:6)
  5 scorpions
  A wight (D:6)
  22 killer bees
  4 crimson imps
  2 centaur zombies (D:5)
  A quasit (D:7)
  4 bullfrog zombies
  4 orc priests
  A centaur skeleton (D:6)
  2 jellies
  3 iguanas
  6 orc wizards
  9 worker ants
  A killer bee zombie (D:5)
  2 hound zombies (D:5)
  A hound skeleton (D:9)
  A worker ant zombie (D:5)
  Robin (D:2)
  4 gnolls (D:10)
  12 adders
  A shadow imp (D:9)
  An ooze (D:1)
  A worm (D:2)
  2 adder skeletons
  2 dart slugs
  A leopard gecko (D:10)
  15 orcs
  A bat zombie (D:2)
  6 giant cockroaches
  5 hobgoblins
  10 jackals
  3 quokkas
  A ball python zombie (D:5)
  4 bats
  2 frilled lizards (D:2)
  A giant cockroach zombie (D:5)
  14 goblins
  2 jackal skeletons (D:5)
  A jackal zombie (D:5)
  17 kobolds
  A quokka skeleton (D:9)
  6 rats
  2 rat zombies (D:2)
212 creatures vanquished.

Notes
Turn   | Place    | Note
-------+----------+-------------------------------------------
     0 | D:1      | DearestLeader the Troll Monk began the quest for the Orb.
     0 | D:1      | Reached XP level 1. HP: 22/22 MP: 0/0
   148 | D:1      | Reached XP level 2. HP: 29/29 MP: 1/1
   467 | D:1      | Reached skill level 4 in Unarmed Combat
   753 | D:2      | Reached XP level 3. HP: 36/36 MP: 2/2
   761 | D:2      | Found an ancient bone altar of Kikubaaqudgha.
  1025 | D:2      | Noticed Robin
  1046 | D:2      | Killed Robin
  1258 | D:2      | Found a stormy altar of Qazlal.
  1408 | D:3      | Reached skill level 5 in Unarmed Combat
  1408 | D:3      | Reached XP level 4. HP: 44/44 MP: 3/3
  1472 | D:3      | Noticed an ogre
  1487 | D:3      | Killed an ogre
  1487 | D:3      | Reached skill level 6 in Unarmed Combat
  1487 | D:3      | Reached XP level 5. HP: 18/50 MP: 4/4
  2330 | D:3      | Found a runed translucent gate.
  2350 | D:3      | Found a runed translucent gate.
  2351 | D:3      | Found a runed translucent gate.
  2351 | D:3      | Noticed xsansara's ghost (amateur DsBe)
  2551 | D:3      | Reached skill level 1 in Throwing
  2798 | D:4      | Reached XP level 6. HP: 59/59 MP: 5/5
  2946 | D:4      | Reached skill level 7 in Unarmed Combat
  3335 | D:5      | Entered Level 5 of the Dungeon
  3351 | D:5      | Reached XP level 7. HP: 65/66 MP: 6/6
  3624 | D:5      | Reached skill level 8 in Unarmed Combat
  3727 | D:5      | Found a bloodstained altar of Trog.
  3764 | D:5      | Found a radiant altar of Vehumet.
  3768 | D:5      | Found a shadowy altar of Dithmenos.
  4256 | D:6      | Reached XP level 8. HP: 61/74 MP: 7/7
  4378 | D:6      | Reached skill level 9 in Unarmed Combat
  4436 | D:6      | Found a shimmering blue altar of Sif Muna.
  5103 | D:6      | Found a glowing golden altar of the Shining One.
  5444 | D:7      | Found a staircase to the Ecumenical Temple.
  5450 | D:7      | Reached skill level 10 in Unarmed Combat
  5462 | Temple   | Entered the Ecumenical Temple
  5564 | Temple   | Became a worshipper of Cheibriados the Contemplative
  5564 | Temple   | Reached * piety under Cheibriados
  5564 | Temple   | Reached ** piety under Cheibriados
  5687 | D:7      | Reached skill level 5 in Throwing
  5700 | D:7      | Reached skill level 1 in Invocations
  5750 | D:7      | Noticed Menkaure
  5756 | D:7      | Killed Menkaure
  5866 | D:7      | Found an ornate altar of the Wu Jian Council.
  5960 | D:7      | Noticed a hippogriff
  5966 | D:7      | Killed a hippogriff
  5966 | D:7      | Reached XP level 9. HP: 70/80 MP: 9/9
  7291 | D:9      | Reached *** piety under Cheibriados
  7414 | D:9      | Reached skill level 11 in Unarmed Combat
  7687 | D:9      | Reached skill level 5 in Invocations
  7735 | D:9      | Reached XP level 10. HP: 57/88 MP: 12/12
  7884 | D:9      | Reached **** piety under Cheibriados
  7915 | D:9      | Noticed a two-headed ogre
  7924 | D:9      | Killed a two-headed ogre
  8394 | D:10     | Entered Level 10 of the Dungeon
  8502 | D:10     | Noticed Joseph
  8514 | D:10     | Killed Joseph
  8846 | D:11     | Noticed an ice statue
  8853 | D:10     | Reached skill level 12 in Unarmed Combat
  9122 | D:11     | Got a slimy short sword
  9133 | D:11     | Noticed a five-headed hydra
  9143 | D:11     | Slain by a seven-headed hydra

Illustrated notes

Levels and vault maps discovered:
D:1:      minmay_arrival_four_loops, layout_loops_ring
D:2:      layout_basic, grunt_qazlal_sundering,
          lemuel_zombie_altar_kikubaaqudgha, uniq_robin
D:3:      layout_basic, gammafunk_ghost_nasty_kobolds
D:4:      layout_gridville, first_ration
D:5:      layout_basic, nicolae_overflow_hidden_temple, kennysheep_little_box,
          serial_undead, serial_undead_a, serial_undead_d, serial_undead_d,
          serial_undead_b, nicolae_dithmenos_shadow_blocks
D:6:      minmay_razor_zed, layout_basic, led_sif_book, lemuel_doored_altar
D:7:      layout_basic, lemuel_crystal_altar, minmay_temple_entry_water_ring,
          uniq_menkaure
D:8:      layout_layer_cave
D:9:      layout_basic
D:10:     layout_gridville, david_nohive_1, uniq_joseph
D:11:     layout_rooms, lair_entry_dummy, david_orc_2, minivault_16,
          eino_small_chamber_without_monster
Temple:   regret_index_temple_generic_petals

Skill      XL: |  1  2  3  4  5  6  7  8  9 10 |
---------------+-------------------------------+-----
Unarmed Combat | 4 5 6 7 8 10 11 12 | 12.1
Throwing       | 1 2 3 5 |  5.0
Invocations    | 2 5 6 |  6.5
Dodging        | 4 |  4.9
Fighting       | |  2.4
Stealth        | |  1.0

Action                   |  1- 3 |  4- 6 |  7- 9 | 10-12 || total
-------------------------+-------+-------+-------+-------++-------
Melee: Unarmed           |    82 |   105 |   272 |    88 ||   547
       Punch             |     2 |     4 |    14 |     5 ||    25
Throw: Dart              |       |     4 |    24 |     3 ||    31
Invok: Slouch            |       |       |       |     2 ||     2
       Temporal Distorti |       |       |       |     1 ||     1
  Use: Scroll            |     1 |       |     9 |     2 ||    12
       Potion            |       |       |     1 |     1 ||     2
 Stab: Sleeping          |     4 |     4 |     8 |     1 ||    17
       Distracted        |       |     1 |       |     1 ||     2
  Eat: Chunk             |    18 |    14 |    37 |     8 ||    77
Armor: Robe              |    29 |    32 |    63 |    33 ||   157
Dodge: Dodged            |    39 |    50 |   149 |    84 ||   322
